cohdb
Replays
Latest Replays
All Replays
Popular Replays
Top Player Replays
Match Explorer
How It Works
Community
CoH3 Stats
Reddit
Sign in to upload your games and track your stats! →
Sign in with Steam
Match 40857365
Unlisted
Match 40857365
Overview
Messages
Build Orders
End
Royal Engineer Section
Construct Section Command Post
Selects Australian Defense Battlegroup
Selects Australian Light Infantry Section
Infantry Section
Dingo Light Scout Car
Infantry Section
Infantry Section
Construct Platoon Command Post
Humber Armored Car
Selects 2-pounder Anti-tank Gun Team
2-pounder Anti-tank Gun Team
Infantry Section
Construct Company Command Post
Crusader II Medium Tank
Construct Field Infirmary
Vickers Machine Gun Team
Grenade Package
Selects Vehicle Over Repair
Crusader II Medium Tank
Armored Vehicle Training
Foot Guards Section
Crusader II Medium Tank
FeriG
HulkSMASH
0
0
Comments
sign in to comment!
No comments posted yet!